AoeStats
← Sir.Leberwurst

MegaRandom

504066585Analyzed
1v1 RM · 27d ago on Sep 3, 2026· 94m 37s· 2 players
Game mode
Random Map
Map size
Tiny (2 player)
Population
200
Speed
Normal
Resources
Standard
Victory
Conquest
Starting age
Dark Age
Ending age
Imperial Age
RankedLock teamsTeams togetherTeam positionsShared explorationLock speedFull tech treeHidden civsTurbo modeCheats
Victory
Defeat
🇺🇸 Teutons · United States
955
+16
🇩🇪 Bulgarians · Germany
948
-16
Sir.Leberwurst
7:49 Loom
11:16 Feudal Age
12:47 Horse Collar
15:03 Double-Bit Axe
19:09 Castle Age
19:27 Scale Mail Armor
20:15 Arson
23:27 Pikeman
24:42 Town Watch
26:20 Heavy Plow
27:52 Bow Saw
27:41 Fletching
28:57 Wheelbarrow
29:20 Chain Mail Armor
29:23 Squires
29:51 Scale Barding Armor
30:19 Bodkin Arrow
31:19 Chain Barding Armor
31:10 Forging
34:58 Imperial Age
33:22 Iron Casting
34:24 Padded Archer Armor
35:04 Gold Mining
35:04 Stone Mining
35:44 Masonry
35:57 Ballistics
36:17 Plate Barding Armor
36:13 Plate Mail Armor
36:45 Hand Cart
37:36 Blast Furnace
37:46 Crop Rotation
39:33 Town Patrol
39:37 Bracer
40:05 Gambesons
41:11 Gold Shaft Mining
41:11 Stone Shaft Mining
40:55 Leather Archer Armor
40:33 Arson
41:27 Bagains
41:48 Conscription
45:10 Chemistry
44:43 Architecture
47:21 Heavy Cavalry Archer
53:45 Halberdier
58:28 Thumb Ring
66:56 Siege Engineers
75:05 Architecture
75:41 Capped Ram
77:05 Elite Skirmisher
78:12 Siege Ram
87:09 Bloodlines
86:21 Light Cavalry
uina99
5:56 Loom
11:14 Feudal Age
11:55 Double-Bit Axe
11:50 Man-at-Arms
12:43 Town Watch
14:50 Wheelbarrow
15:06 Horse Collar
21:29 Castle Age
20:37 Forging
20:46 Scale Mail Armor
21:22 Bloodlines
21:30 Stone Mining
21:38 Gold Mining
26:26 Stone Shaft Mining
25:47 Elite Skirmisher
27:07 Fletching
28:38 Iron Casting
28:42 Bodkin Arrow
28:48 Padded Archer Armor
34:10 Imperial Age
32:55 Leather Archer Armor
32:56 Chain Mail Armor
33:10 Scale Barding Armor
34:06 Ballistics
33:55 Town Patrol
33:51 Pikeman
34:31 Squires
34:17 Arson
35:22 Conscription
37:03 Blast Furnace
38:00 Chemistry
39:32 Plate Mail Armor
39:23 Chain Barding Armor
40:00 Hand Cart
41:20 Heavy Plow
41:40 Bow Saw
43:21 Elite Teutonic Knight
43:36 Cavalier
45:53 Halberdier
49:29 Ring Archer Armor
52:06 Two-Man Saw
51:50 Crop Rotation
53:55 Plate Barding Armor
54:20 Paladin
60:25 Hoardings
62:14 Crenellations
Connection lost

Rejoining the realm…

Still unreachable

The connection could not be restored.

Session expired

The server has moved on; the page needs a fresh start.